[Event "*** SCC Grand Prix: Titled Tuesday Blitz"]
[Site "Chess.com"]
[Date "2020.09.08"]
[Round "3"]
[White "kosya4ok"]
[Black "GM_dmitrij"]
[Result "0-1"]
[WhiteElo "2672"]
[BlackElo "2925"]
[TimeControl "180+1"]
[EndTime "10:28:59 PDT"]
[Termination "GM_dmitrij won on time"]

1. d4 Nf6 2. c4 e6 3. Bf4 d5 4. Nf3 dxc4 5. Nbd2 Bb4 6. a3 Bxd2+ 7. Qxd2 O-O 8. Bg5 b5 9. Qf4 Nc6 10. Rd1 Bb7 11. e4 Na5 12. e5 Nd5 13. Qg4 f5 14. exf6 Nxf6 15. Qxe6+ Kh8 16. Ne5 Qe8 17. Qxe8 Raxe8 18. f3 c5 19. Kf2 cxd4 20. Bxf6 gxf6 21. Nd7 Rf7 22. Nc5 d3 23. g3 Bd5 24. Rd2 Rc7 25.
b4 Nb7 26. Nxb7 Rxb7 27. Bg2 Rbe7 28. Rhd1 Re2+ 29. Kf1 Rxd2 30. Rxd2 c3 0-1

[Event "*** SCC Grand Prix: Titled Tuesday Blitz"]
[Site "Chess.com"]
[Date "2020.09.08"]
[Round "3"]
[White "Izoria123"]
[Black "Koksik_13"]
[Result "1-0"]
[WhiteElo "2877"]
[BlackElo "2636"]
[TimeControl "180+1"]
[EndTime "10:29:01 PDT"]
[Termination "Izoria123 won on time"]

1. Nf3 d5 2. e3 Nc6 3. d4 Bg4 4. Bb5 a6 5. Bxc6+ bxc6 6. c4 Bxf3 7. Qxf3 Nf6 8. O-O e6 9. b3 Ne4 10. Nd2 Nxd2 11. Bxd2 Be7 12. Rfc1 O-O 13. Ba5 Bd6 14. Rc2 f5 15. g3 Rf7 16. Rac1 Rb8 17. Qe2 g5 18. cxd5 cxd5 19. Rc6 Ra8 20. Rxa6 Rxa6 21. Qxa6 f4 22. exf4 gxf4 23. Qe2 Qf6 24. Bc3 f3 25.
Qd3 h5 26. Re1 h4 27. Qe3 hxg3 28. hxg3 Bxg3 29. Qxe6 Qg5 30. Qh3 Bh2+ 31. Kh1 Rh7 32. Re8+ Kg7 33. Qd7+ Kg6 34. Rg8+ Kf6 35. Qd8+ 1-0

[Event "*** SCC Grand Prix: Titled Tuesday Blitz"]
[Site "Chess.com"]
[Date "2020.09.08"]
[Round "3"]
[White "m_ezat"]
[Black "Zavgorodniy_Serg"]
[Result "1-0"]
[WhiteElo "2589"]
[BlackElo "2800"]
[TimeControl "180+1"]
[EndTime "10:29:02 PDT"]
[Termination "m_ezat won by checkmate"]

1. d4 Nf6 2. c4 e6 3. Nc3 Bb4 4. e3 b6 5. a3 Bxc3+ 6. bxc3 Ba6 7. Bd3 Nc6 8. Ne2 Na5 9. e4 Bxc4 10. Bg5 h6 11.
Bh4 Bxd3 12. Qxd3 d5 13. e5 g5 14. Bg3 Nd7 15. f4 f5 16. exf6 Qxf6 17. O-O g4 18. f5 O-O-O 19. Qa6+ Kb8 20. Rab1 Nc4 21. a4 exf5 22.
a5 Qc6 23. axb6 axb6 24. Rxf5 Rde8 25. Nf4 Rhf8 26. Nxd5 Nd6 27. Rxf8 Rxf8 28. Nb4 Qxc3 29. d5 Qd4+ 30. Kh1 Qf6 31. Nc6# 1-0

[Event "*** SCC Grand Prix: Titled Tuesday Blitz"]
[Site "Chess.com"]
[Date "2020.09.08"]
[Round "3"]
[White "OhanyanEminChess"]
[Black "emiliocordova"]
[Result "0-1"]
[WhiteElo "2529"]
[BlackElo "2779"]
[TimeControl "180+1"]
[EndTime "10:29:02 PDT"]
[Termination "emiliocordova won on time"]

1. e4 c5 2. Nf3 Nc6 3. Nc3 e6 4.
d4 cxd4 5. Nxd4 Qc7 6. Nxc6 dxc6 7. Be3 Bd6 8. Qd2 Nf6 9. O-O-O Be7 10. f3 O-O 11.
Qf2 b5 12. g4 e5 13. g5 Nh5 14. Ne2 Be6 15. Kb1 Qa5 16. b3 Rfd8 17. Bg2 Qb4 18. Nc1 Nf4 19. Bxf4 exf4 20. Nd3 Qc3 21. Qe1 Qxe1 22.
Rhxe1 Bxg5 23. Nc5 Bh4 24. Nxe6 fxe6 25. Rf1 Bf6 26.
Bh3 Kf7 27. Rfe1 Bc3 28. Rf1 h5 29. Rd3 b4 30. Rfd1 Rxd3 31. Rxd3 Ke7 32. Bf1 a5 33.
Rd1 g5 34. h3 g4 35. fxg4 hxg4 36. hxg4 f3 37. Rd3 Rf8 38. Kc1 Rf4 39. Re3 Bd4 40. Rd3 c5 41. Kd1 Kf6 42. Rd2 Kg5 43.
Rh2 Rxg4 44. Rh8 Bxh8 0-1

[Event "*** SCC Grand Prix: Titled Tuesday Blitz"]
[Site "Chess.com"]
[Date "2020.09.08"]
[Round "3"]
[White "peixe64"]
[Black "GMHess"]
[Result "0-1"]
[WhiteElo "2348"]
[BlackElo "2743"]
[TimeControl "180+1"]
[EndTime "10:29:02 PDT"]
[Termination "GMHess won on time"]

1. e4 e6 2. d4 d5 3. Nc3 Bb4 4. e5 Qd7 5. a3 Bxc3+ 6. bxc3 Ne7 7. Nf3 b6 8. a4 Nbc6 9. Ba3 Bb7 10. Bd3 O-O-O 11.
O-O h6 12. Qe2 Kb8 13. Bb5 Qc8 14. a5 a6 15. axb6 axb5 16. Qxb5 cxb6 17. Bd6+ Rxd6 18.
exd6 Nf5 19. Ne5 Nxd6 20. Qxb6 Qc7 21. Nxc6+ Qxc6 22. Qa7+ Kc7 23. Qa5+ Kd7 24. Qb4 Rc8 25. Ra7 Rc7 26. Rb1 Bc8 27. Rxc7+ Qxc7 28. g3 Ke7 29. Ra1 Kf6 0-1

[Event "*** SCC Grand Prix: Titled Tuesday Blitz"]
[Site "Chess.com"]
[Date "2020.09.08"]
[Round "3"]
[White "RobPeresian"]
[Black "Meri-Arabidze"]
[Result "0-1"]
[WhiteElo "2352"]
[BlackElo "2561"]
[TimeControl "180+1"]
[EndTime "10:29:02 PDT"]
[Termination "Meri-Arabidze won on time"]

1. Nf3 d5 2. d4 Nf6 3. c4 dxc4 4. Nc3 a6 5. e4 b5 6. a4 b4 7. e5 bxc3 8. exf6 exf6 9. bxc3 Be6 10. Be3 Be7 11. Nd2 Bd5 12. Nxc4 O-O 13. Bd3 g6 14.
O-O Nd7 15. Re1 Re8 16. Bf4 Nb6 17. Ne3 Bb7 18. Rb1 a5 19. Bb5 c6 20. Qf3 Qd7 21. Bf1 Nxa4 22. Nc4 Ba6 23. Ra1 Bxc4 24.
Bxc4 Nb6 25. Ba2 Nd5 26. Bg3 a4 27. Rab1 a3 28. h4 Ra5 29. h5 Kg7 30. Re2 Bd6 31. h6+ Kxh6 32. Bxd6 Kg7 33. Rxe8 Qxe8 0-1

[Event "*** SCC Grand Prix: Titled Tuesday Blitz"]
[Site "Chess.com"]
[Date "2020.09.08"]
[Round "3"]
[White "fighter2jz"]
[Black "XiaoKangZhong"]
[Result "1-0"]
[WhiteElo "2711"]
[BlackElo "2421"]
[TimeControl "180+1"]
[EndTime "10:29:03 PDT"]
[Termination "fighter2jz won by resignation"]

1. e4 c6 2. d4 d5 3. e5 c5 4.
dxc5 Nc6 5. Nf3 Bg4 6. c3 e6 7. b4 a6 8. Bf4 Nge7 9. Bd3 d4 10. O-O Nd5 11. Bg3 dxc3 12. a3 a5 13. b5 Nd4 14. Be4 Nxb5 15. a4 Nbc7 16. Qb3 Bxc5 17. Nxc3 Bxf3 18. Bxf3 Nxc3 19. Qxc3 Bd4 20. Qa3 Bxa1 21. Bxb7 Qe7 22. Bc6+ Kd8 23. Rd1+ Nd5 24.
Bh4 f6 25. Qxa1 Ra6 26. exf6 gxf6 27. Bxf6 Rxc6 28. Bxe7+ Kxe7 29. Qxh8 Nc3 30. Qg7+ Ke8 31. Qd7+ Kf8 32. Qxc6 Nxd1 33. Qd6+ Kf7 34. Qxd1 1-0

[Event "*** SCC Grand Prix: Titled Tuesday Blitz"]
[Site "Chess.com"]
[Date "2020.09.08"]
[Round "3"]
[White "chenxiaoyuer"]
[Black "OparinGrigoriy"]
[Result "0-1"]
[WhiteElo "2462"]
[BlackElo "2940"]
[TimeControl "180+1"]
[EndTime "10:29:04 PDT"]
[Termination "OparinGrigoriy won by checkmate"]

1. e4 e5 2. Nf3 Nc6 3. Bb5 a6 4. Ba4 Nf6 5. d3 d6 6. c3 g6 7. O-O Bg7 8. Nbd2 O-O 9. Re1 b5 10. Bc2 Bb7 11. d4 Re8 12. a4 exd4 13. cxd4 Nb4 14. Bb1 c5 15. d5 Nd7 16. Ra3 c4 17. Nf1 Nc5 18. axb5 Nbd3 19. Bxd3 Nxd3 20. Rxd3 cxd3 21.
Qxd3 axb5 22. Nd4 b4 23. Qb5 Bxd4 24. Qxb7 Qf6 25. Ne3 Rab8 26. Qd7 Rxe4 27. Rf1 h5 28. b3 Rbe8 29. Qh3 Bc5 30. g3 Qc3 31. Nc4 Qxb3 32. Nd2 Qxd5 33. Nxe4 Qxe4 34. Bb2 b3 35. Qd7 Qe2 36. Bf6 Qe6 37. Qxe6 Rxe6 38. Bb2 Re2 39. Bf6 b2 40. Bxb2 Rxb2 41. Kg2 Kg7 42. Rd1 Rxf2+ 43. Kh3 g5 44. Rd5 Kg6 45. g4 hxg4+ 46. Kxg4 f5+ 47. Rxf5 Rxf5 48. h4 Rf4+ 49. Kg3 Rxh4 50. Kg2 d5 51. Kg3 Re4 52. Kg2 d4 53. Kg3 Kf5 54. Kg2 d3 55.
Kg3 d2 56. Kg2 d1=Q 57. Kg3 Qd3+ 58. Kg2 Re2+ 59. Kh1 Qd1# 0-1

[Event "*** SCC Grand Prix: Titled Tuesday Blitz"]
[Site "Chess.com"]
[Date "2020.09.08"]
[Round "3"]
[White "leejunhyeok"]
[Black "plumalka"]
[Result "0-1"]
[WhiteElo "2659"]
[BlackElo "2424"]
[TimeControl "180+1"]
[EndTime "10:29:06 PDT"]
[Termination "plumalka won by resignation"]

1. e4 c5 2. c3 d5 3. exd5 Qxd5 4. d4 e6 5. Nf3 Nc6 6. Na3 cxd4 7. Nb5 Bd6 8. Bc4 Qe4+ 9. Be3 Bb8 10. Nbxd4 Nf6 11. Bd3 Qd5 12. Nxc6 Qxc6 13. O-O O-O 14. Qe2 e5 15.
Bb5 Qe6 16. Bc4 Qc6 17. Rad1 Bg4 18. Bb5 Bxf3 19. gxf3 Qe6 20. Kh1 Qh3 21. Rg1 e4 22. f4 h5 23. Rg3 Qh4 24. Rdg1 g6 25. f3 Bxf4 26. Bxf4 Qxf4 27. Bc4 Kh7 28. fxe4 Qxe4+ 29. Qxe4 Nxe4 30. Re3 Nf2+ 31. Kg2 Ng4 32. Re7 Rae8 33. Rxb7 Ne3+ 34. Kf3 Nxc4 35. Rg2 Re3+ 36. Kf4 Re6 37.
Rxa7 Rf6+ 38. Kg3 Re8 39. Rf2 Rxf2 40. Kxf2 Kg7 41. b3 Nb2 42. c4 Nd3+ 43. Kf3 g5 44.
h3 Kg6 45. Ra6+ Kf5 46. Ra5+ Ne5+ 47. Ke3 g4 48. hxg4+ hxg4 49. c5 Nc6+ 50. Kf2 Nxa5 0-1

[Event "*** SCC Grand Prix: Titled Tuesday Blitz"]
[Site "Chess.com"]
[Date "2020.09.08"]
[Round "3"]
[White "BUITRONGHAO"]
[Black "Ladislav1969"]
[Result "1-0"]
[WhiteElo "2568"]
[BlackElo "2356"]
[TimeControl "180+1"]
[EndTime "10:29:07 PDT"]
[Termination "BUITRONGHAO won on time"]

1. e4 c5 2. Nf3 e6 3. d4 cxd4 4. Nxd4 a6 5. Bd3 b5 6. c4 bxc4 7. Bxc4 Bb7 8. Nc3 Nc6 9. O-O Rc8 10. Nxc6 Rxc6 11. Bb3 Bc5 12. Qg4 Qf6 13. Qg3 Rc8 14. Bf4 Qg6 15. Rac1 Nf6 16. Qxg6 hxg6 17. e5 Nh5 18.
Bd2 f5 19. Na4 Bd4 20. Rxc8+ Bxc8 21. Rc1 Kf7 22. Bc3 Nf4 23. Bd1 Nd3 24. Rc2 Nxf2 25.
Bxd4 Ne4 26. Bf3 Bb7 27. Nc5 Bd5 28. Nxe4 fxe4 29. Be2 1-0

[Event "*** SCC Grand Prix: Titled Tuesday Blitz"]
[Site "Chess.com"]
[Date "2020.09.08"]
[Round "3"]
[White "Sjakkerntobi"]
[Black "Karina_Ivanova"]
[Result "0-1"]
[WhiteElo "2371"]
[BlackElo "2260"]
[TimeControl "180+1"]
[EndTime "10:29:07 PDT"]
[Termination "Karina_Ivanova won on time"]

1. e4 c6 2. Nc3 d5 3. Nf3 Bg4 4. h3 Bxf3 5. Qxf3 e6 6. d4 dxe4 7. Qxe4 Nf6 8. Qe3 Nd5 9. Nxd5 cxd5 10. c3 Nc6 11. Bd3 Bd6 12. O-O O-O 13. Bc2 Rc8 14. Qd3 g6 15. Bh6 Re8 16. f4 Bf8 17. Bg5 Be7 18.
Bh6 Bf8 19. Bxf8 Rxf8 20. g4 b5 21. f5 exf5 22. gxf5 Qg5+ 23. Kh1 b4 24. Rg1 Qh5 25. Rg4 bxc3 26. bxc3 Ne7 27. Rag1 Rc6 28. Qf3 Kh8 29. Qg3 Nxf5 30. Bxf5 Qxf5 0-1

[Event "*** SCC Grand Prix: Titled Tuesday Blitz"]
[Site "Chess.com"]
[Date "2020.09.08"]
[Round "3"]
[White "beto-betun"]
[Black "Rap_woyska"]
[Result "0-1"]
[WhiteElo "2129"]
[BlackElo "2352"]
[TimeControl "180+1"]
[EndTime "10:29:07 PDT"]
[Termination "Rap_woyska won by resignation"]

1. d4 Nf6 2. Nf3 c5 3. d5 e6 4. c4 b5 5. Nc3 b4 6. Nb1 exd5 7.
cxd5 d6 8. Qc2 Nbd7 9. e4 g6 10. Be2 Bg7 11. O-O O-O 12. a3 a5 13. axb4 cxb4 14.
Be3 Ba6 15. Bxa6 Rxa6 16. h3 Re8 17. Nbd2 Qe7 18. Nd4 Nxe4 19. Nc6 Qh4 20. Qc4 Raa8 21. f3 Nxd2 22. Qxh4 Nxf1 23. Rxf1 Rxe3 24. Qg5 Re2 25. Qg4 Nc5 26. b3 Rae8 27. Nd4 h5 28. Qf4 Nd3 29. Nc6 Nxf4 0-1

[Event "*** SCC Grand Prix: Titled Tuesday Blitz"]
[Site "Chess.com"]
[Date "2020.09.08"]
[Round "3"]
[White "Kotofeyca"]
[Black "suyu28"]
[Result "0-1"]
[WhiteElo "2359"]
[BlackElo "2567"]
[TimeControl "180+1"]
[EndTime "10:29:08 PDT"]
[Termination "suyu28 won on time"]

1. d4 Nf6 2. c4 g6 3. f3 Bg7 4. e4 d6 5. Nc3 O-O 6. Be3 a6 7.
a3 Nc6 8. Nge2 b5 9. cxb5 axb5 10. Nxb5 Ba6 11. Nec3 Na5 12. b4 Nb7 13. Na4 c6 14.
Nbc3 Bxf1 15. Rxf1 Nd7 16. Qd2 e5 17. dxe5 Nxe5 18.
Nb2 d5 19. Bd4 dxe4 20. Nxe4 Nxf3+ 21. Rxf3 Bxd4 22. Kf1 Re8 23. Qf4 Bxb2 24. Qxf7+ Kh8 25. Nf6 Bxf6 26. Rxf6 Nd6 0-1

[Event "*** SCC Grand Prix: Titled Tuesday Blitz"]
[Site "Chess.com"]
[Date "2020.09.08"]
[Round "3"]
[White "angryhorse9"]
[Black "politeplayer"]
[Result "1-0"]
[WhiteElo "2506"]
[BlackElo "2253"]
[TimeControl "180+1"]
[EndTime "10:29:08 PDT"]
[Termination "angryhorse9 won on time"]

1. e4 c5 2. Nf3 e6 3. c3 d5 4. exd5 exd5 5. d4 Nc6 6. Bb5 Bd6 7. Kf1 Bg4 8. h3 Bh5 9. dxc5 Bxc5 10. g4 Bg6 11.
Kg2 h5 12. Bd3 hxg4 13. hxg4 Rxh1 14. Kxh1 Bxd3 15. Qxd3 Nf6 16. Be3 Qb6 17. Bxc5 Qxc5 18. Kg2 Nxg4 19. Nd4 Nce5 20. Qe2 Qe7 21. Nd2 O-O-O 22.
f4 Rh8 23. N2f3 Qf6 24. Nxe5 Rh2+ 25. Kf3 Rxe2 26. Nxg4 1-0

[Event "*** SCC Grand Prix: Titled Tuesday Blitz"]
[Site "Chess.com"]
[Date "2020.09.08"]
[Round "3"]
[White "harvsp123"]
[Black "mr65"]
[Result "1-0"]
[WhiteElo "2478"]
[BlackElo "2160"]
[TimeControl "180+1"]
[EndTime "10:29:08 PDT"]
[Termination "harvsp123 won on time"]

1. e4 e5 2. Nf3 Nc6 3. Bc4 Nf6 4. d3 Bc5 5. O-O Bb6 6. h3 h6 7.
Re1 O-O 8. c3 a5 9. a4 d6 10.
Na3 Ne7 11. Bb3 Ng6 12. Nc4 Ra6 13. Nxb6 Rxb6 14. Be3 c5 15. d4 Rc6 16. d5 Rc7 17.
Nd2 Nxe4 18. Nxe4 f5 19. Nxc5 Rxc5 20. Bxc5 dxc5 21. d6+ Kh8 22. Bc4 Rf6 23. Qd5 Rxd6 24. Qxc5 b6 25. Qe3 Bb7 26. Qg3 Nf4 27. Rxe5 Rg6 28.
Qxf4 Rxg2+ 29. Kf1 Qc8 30. Rae1 1-0

[Event "*** SCC Grand Prix: Titled Tuesday Blitz"]
[Site "Chess.com"]
[Date "2020.09.08"]
[Round "3"]
[White "Beca95"]
[Black "ValeriyGrinev"]
[Result "1-0"]
[WhiteElo "2927"]
[BlackElo "2672"]
[TimeControl "180+1"]
[EndTime "10:29:09 PDT"]
[Termination "Beca95 won by resignation"]

1. Nf3 c5 2. c4 Nc6 3. d4 cxd4 4. Nxd4 Nf6 5. Nc3 e6 6. g3 Qb6 7. Ndb5 Ne5 8. Bf4 Nfg4 9. e3 Qc6 10. h3 Nf3+ 11.
Ke2 Nge5 12. b3 a6 13. Bg2 axb5 14. Bxe5 Qc5 15. Bxf3 Qxe5 16. Nxb5 Bc5 17. a4 O-O 18. Kf1 Rd8 19. Kg2 d5 20. Rc1 b6 21. cxd5 exd5 22.
Qd2 Bb7 23. Rhd1 Rac8 24. b4 Bf8 25. Rxc8 Rxc8 26. Bxd5 Bxb4 27. Qd3 Bxd5+ 28. Qxd5 Qxd5+ 29. Rxd5 Kf8 30. Rd4 Bc5 31. Rc4 Rd8 32. Kf3 Ra8 33. Nc3 Ke7 34. Ne4 Ra5 35. Nxc5 bxc5 36. Ke4 Kd6 37. g4 f6 38. Kd3 Kd5 39. Kc3 Ra8 40. Rf4 Ra6 41. h4 g6 42. g5 f5 43. h5 Ke5 44. h6 Kd5 45. Rh4 Ra7 46. f3 Rb7 47. a5 Rb1 48. Ra4 Kc6 49. a6 Rb8 50. a7 Ra8 51. Kc4 Kb6 52. e4 fxe4 53. fxe4 Kb7 54.
e5 Rc8 55. a8=Q+ Rxa8 56. Rxa8 Kxa8 57. Kxc5 1-0

[Event "*** SCC Grand Prix: Titled Tuesday Blitz"]
[Site "Chess.com"]
[Date "2020.09.08"]
[Round "3"]
[White "chessdjw"]
[Black "maxip32"]
[Result "1-0"]
[WhiteElo "2578"]
[BlackElo "2378"]
[TimeControl "180+1"]
[EndTime "10:29:11 PDT"]
[Termination "chessdjw won by resignation"]

1. e4 c5 2. Nf3 d6 3. d4 cxd4 4. Nxd4 Nf6 5. Nc3 a6 6. Be3 e5 7. Nb3 Be6 8. Qd2 Be7 9. f3 h5 10. Nd5 Bxd5 11. exd5 Nbd7 12. Be2 O-O 13. Na5 Qc7 14.
c4 e4 15. O-O exf3 16. gxf3 Ne5 17. b4 b6 18. f4 Neg4 19. Nc6 Nxe3 20. Qxe3 Rfe8 21.
Bd3 Bf8 22. Qd4 a5 23. a3 Nd7 24. Kh1 g6 25. f5 Bg7 26. f6 Bh6 27. Bxg6 Ne5 28.
Bxh5 Nxc6 29. Rg1+ Kh8 30. Qh4 Re4 31. Qxe4 Ne5 32. Be2 1-0

[Event "*** SCC Grand Prix: Titled Tuesday Blitz"]
[Site "Chess.com"]
[Date "2020.09.08"]
[Round "3"]
[White "killer311"]
[Black "Zarinur"]
[Result "1-0"]
[WhiteElo "2472"]
[BlackElo "2120"]
[TimeControl "180+1"]
[EndTime "10:29:11 PDT"]
[Termination "killer311 won on time"]

1. d4 Nf6 2. c4 e6 3. Nc3 Bb4 4. Bd2 c5 5. e3 Nc6 6. Nf3 O-O 7. Bd3 d6 8. O-O e5 9. d5 Na5 10. Qc2 b6 11. a3 Bxc3 12. Bxc3 Ba6 13. Bxa5 bxa5 14. b4 Qe7 15. e4 axb4 16. axb4 Bb7 17. Rfb1 cxb4 18. Rxb4 Rfb8 19. Qb2 a5 20. Rb5 a4 21.
Qb4 Qc7 22. Rxa4 Rxa4 23. Qxa4 Ra8 24. Qb4 Bc8 25. h3 Bd7 26. Rb7 Qc8 27. Rb6 Ne8 28.
Kh2 g6 29. Qb2 Kg7 30. Rb4 Nc7 31. c5 dxc5 32. Qxe5+ Kg8 33. Rb2 Ne8 34. Rc2 Ra4 35. Qe7 c4 36. Ne5 cxd3 37. Rxc8 Bxc8 38. Qxe8+ Kg7 39.
Qxa4 Kf6 40. Nxd3 1-0

[Event "*** SCC Grand Prix: Titled Tuesday Blitz"]
[Site "Chess.com"]
[Date "2020.09.08"]
[Round "3"]
[White "GalperinPlaton"]
[Black "Bigfish1995"]
[Result "0-1"]
[WhiteElo "2707"]
[BlackElo "3017"]
[TimeControl "180+1"]
[EndTime "10:29:12 PDT"]
[Termination "Bigfish1995 won by resignation"]

1. d4 Nf6 2. c4 e6 3. Nf3 b6 4.
g3 Bb7 5. Bg2 Be7 6. O-O O-O 7. d5 exd5 8. Nd4 Bc6 9. Nc3 dxc4 10.
e4 Ne8 11. Qe2 Bb7 12. Qxc4 Ba6 13. Qd5 c6 14. Qf5 Bxf1 15. Bxf1 g6 16. Qf3 Bg5 17.
e5 Bxc1 18. Rxc1 Qe7 19. Re1 Kh8 20. h4 Ng7 21. Ne4 Qxe5 22. Nc2 d5 23. Ng5 Qxb2 24. Nxf7+ Rxf7 25. Qxf7 Na6 26. h5 Nc5 27. h6 Nge6 28.
Rxe6 Nxe6 29. Qxe6 Rf8 30. Qxc6 Qf6 31. Qxf6+ Rxf6 32. f4 g5 33. fxg5 Rg6 34. Nd4 Rxg5 35. Kf2 Rh5 36. Bh3 Rxh3 0-1

[Event "*** SCC Grand Prix: Titled Tuesday Blitz"]
[Site "Chess.com"]
[Date "2020.09.08"]
[Round "3"]
[White "Alexsur1981"]
[Black "BogdanDeac"]
[Result "1-0"]
[WhiteElo "2692"]
[BlackElo "2919"]
[TimeControl "180+1"]
[EndTime "10:29:12 PDT"]
[Termination "Alexsur1981 won on time"]

1. e4 e5 2. f4 exf4 3. Bc4 Qh4+ 4. Kf1 Nf6 5. Nf3 Qh5 6. Nc3 d6 7. d4 Be6 8. d5 Bg4 9. Bxf4 Be7 10. h3 Nfd7 11. Kf2 Bxf3 12. Qxf3 Qg6 13. Rhf1 Bf6 14. Kg1 Ne5 15. Qe2 a6 16. Bd3 Nbd7 17. Nd1 O-O 18.
Ne3 Rae8 19. Rae1 Bh4 20. Rd1 Nc5 21. Bxe5 Rxe5 22. Nf5 Bf6 23. b4 Nd7 24. Rf3 h6 25. Rg3 Qh7 26. Rf1 Kh8 27. Ne3 Qg8 28. Ng4 Rfe8 29. Nxf6 Nxf6 30. Rxf6 gxf6 31. Rxg8+ Rxg8 32. Qf3 Rg6 33. c4 Kg7 34. c5 dxc5 35. bxc5 1-0

[Event "*** SCC Grand Prix: Titled Tuesday Blitz"]
[Site "Chess.com"]
[Date "2020.09.08"]
[Round "3"]
[White "Parhamov"]
[Black "Kaua18"]
[Result "1-0"]
[WhiteElo "2990"]
[BlackElo "2328"]
[TimeControl "180+1"]
[EndTime "10:29:12 PDT"]
[Termination "Parhamov won on time"]

1. c4 c5 2. g3 Nc6 3. Bg2 g6 4.
h4 d6 5. h5 Bg7 6. Nc3 e5 7. a3 Be6 8. d3 gxh5 9. Rxh5 Nf6 10. Rh1 Qd7 11. Rb1 d5 12. cxd5 Nxd5 13. Bd2 Nd4 14. Nf3 Nxc3 15. bxc3 Nxf3+ 16. Bxf3 Bd5 17. Bxd5 Qxd5 18. Qa4+ Qc6 19. Qxc6+ bxc6 20. Rh4 O-O 21. Be3 Rfb8 22. Rxb8+ Rxb8 23. Bxc5 Rb1+ 24. Kd2 Rb2+ 25. Ke3 f5 26. Rb4 Rc2 27. c4 e4 28. dxe4 fxe4 29. Ra4 Bh6+ 30. Kxe4 Rxe2+ 31. Kf3 Rc2 32. Bxa7 Bf8 33.
Bd4 Kf7 34. Ke4 Re2+ 35. Kd3 Ra2 36. Ra7+ Ke6 37. a4 h5 38. Bb6 Bb4 39. a5 Ra3+ 40. Ke2 Rc3 41. a6 Rxc4 42. Rc7 Rc2+ 43. Kf1 Ra2 44.
a7 1-0

[Event "*** SCC Grand Prix: Titled Tuesday Blitz"]
[Site "Chess.com"]
[Date "2020.09.08"]
[Round "3"]
[White "GMJustin"]
[Black "Susal_De_Silva"]
[Result "0-1"]
[WhiteElo "2220"]
[BlackElo "2490"]
[TimeControl "180+1"]
[EndTime "10:29:12 PDT"]
[Termination "Susal_De_Silva won on time"]

1. e4 e5 2. Nc3 d6 3. d4 exd4 4.
Qxd4 Nc6 5. Qd1 Nf6 6. Bc4 Be7 7.
Nge2 O-O 8. O-O Re8 9. f3 h6 10. Nf4 Bf8 11. Be3 Ne5 12. Bb3 a5 13.
a4 c6 14. Qd2 Qc7 15. Rad1 b6 16. Rfe1 Ba6 17. Qf2 Rab8 18. Bd4 Nfd7 19. Qg3 Nc5 20. Ba2 Rbd8 21. Nh5 Kh8 22. f4 Ng6 23. Nxg7 Bxg7 24.
Bxg7+ Kxg7 25. f5 Re5 26. fxg6 fxg6 27. Re3 Rde8 28. Rf3 Ne6 29. Qh4 Ng5 30. Rf4 Qe7 31. Qg3 Rf8 32. h4 Rxf4 33. Qxf4 Ne6 34. Qg3 Nc5 35.
Qf4 Qf6 0-1

[Event "*** SCC Grand Prix: Titled Tuesday Blitz"]
[Site "Chess.com"]
[Date "2020.09.08"]
[Round "3"]
[White "Anton_Demchenko"]
[Black "Ave_Mariia"]
[Result "1-0"]
[WhiteElo "2853"]
[BlackElo "2447"]
[TimeControl "180+1"]
[EndTime "10:29:13 PDT"]
[Termination "Anton_Demchenko won by resignation"]

1. e4 c5 2. Nf3 d6 3. d4 cxd4 4. Nxd4 Nf6 5. Nc3 g6 6. g3 Nc6 7. Bg2 Nxd4 8. Qxd4 Bg7 9. O-O O-O 10. a4 Be6 11. Qd1 Rc8 12. Nd5 Nxd5 13. exd5 Bf5 14. c3 Rc5 15. Be3 Rc4 16. Bxa7 b6 17. Qb3 Rc8 18.
Bxb6 Qd7 19. a5 Bd3 20. Rfe1 Bc4 21. Qa4 Bb5 22. Qe4 Rfe8 23. Bf1 Bxf1 24. Rxf1 Qb5 25.
Rab1 e6 26. dxe6 Rxe6 27. Qf3 Rce8 28. Rfd1 Re2 29. Kg2 Rxb2 30. Rxb2 Qxb2 31. c4 Qc2 32. Qd3 Qa4 33. Rb1 Rc8 34. Rc1 Qc6+ 35. Kg1 Re8 36. Qd5 Rc8 37. Qxc6 Rxc6 38. Kf1 Kf8 39. Ke2 Ke7 40.
Kd3 Kd7 41. Rb1 Rc8 42. a6 Kc6 43. Be3 Ra8 44. Rb6+ Kc7 45. Rb7+ Kc6 46. Rxf7 Be5 47. a7 d5 48. Rxh7 dxc4+ 49. Kxc4 Rd8 50. Rh6 Kb7 51.
Rxg6 Rc8+ 52. Kd5 Bc3 53. Rb6+ Ka8 54. Rb8+ Rxb8 55. axb8=Q+ Kxb8 56. h4 1-0

[Event "*** SCC Grand Prix: Titled Tuesday Blitz"]
[Site "Chess.com"]
[Date "2020.09.08"]
[Round "3"]
[White "Off-War"]
[Black "Justinz"]
[Result "1-0"]
[WhiteElo "2678"]
[BlackElo "2408"]
[TimeControl "180+1"]
[EndTime "10:29:13 PDT"]
[Termination "Off-War won on time"]

1. d4 Nf6 2. c4 e6 3. Nc3 Bb4 4. f3 c5 5. d5 d6 6. e4 b5 7. Ne2 O-O 8. Nf4 e5 9. Ne2 Nh5 10.
cxb5 f5 11. exf5 Bxf5 12. Ng3 Qh4 13. Be3 e4 14. Be2 exf3 15. gxf3 Nf4 16. O-O Nd7 17. Nce4 Bh3 18. Nxd6 Bxf1 19. Bxf1 Ne5 20. Kh1 Neg6 21. Nde4 Rac8 22. d6 Rcd8 23. Ne2 Nxe2 24. Bxe2 Nf4 25. Bc4+ Kh8 26. Qg1 h6 27. Rf1 Qh5 28. Qg3 Nh3 29. Kg2 Ng5 30. Nxg5 hxg5 31. Bxg5 Rxd6 32. Qxd6 Qxg5+ 33.
Qg3 Qd2+ 34. Kh1 1-0

[Event "*** SCC Grand Prix: Titled Tuesday Blitz"]
[Site "Chess.com"]
[Date "2020.09.08"]
[Round "3"]
[White "platy3"]
[Black "BanjoKazooieN64"]
[Result "1-0"]
[WhiteElo "2818"]
[BlackElo "2588"]
[TimeControl "180+1"]
[EndTime "10:29:14 PDT"]
[Termination "platy3 won by resignation"]

1. e4 e5 2. Nf3 Nc6 3. Bb5 f5 4. d3 fxe4 5. dxe4 Nf6 6. O-O Bc5 7. Bxc6 bxc6 8. Nxe5 O-O 9. Nd3 Nxe4 10. Nxc5 Nxc5 11. Be3 Ne6 12. c3 d5 13. Na3 c5 14. Nc2 Rb8 15. b4 d4 16. cxd4 cxd4 17. Nxd4 Nxd4 18. Qxd4 Qxd4 19. Bxd4 Re8 20. a3 a6 21. Rac1 Re7 22. Rc3 Bb7 23. Rfc1 Rd7 24. Be3 Rbd8 25. h3 Rd1+ 26.
Rxd1 Rxd1+ 27. Kh2 Rd7 28. Bf4 c6 29. Be5 Rd5 30.
f4 a5 31. bxa5 Rxa5 32. a4 g5 33. Rg3 h6 34. h4 Kf7 35. hxg5 hxg5 36. Rxg5 Ke6 37.
Rg7 Ba6 38. Rg6+ Kd5 39. Rd6+ Kc5 40. f5 Rxa4 41. f6 Ra2 42. f7 Rf2 43. Rf6 1-0

[Event "*** SCC Grand Prix: Titled Tuesday Blitz"]
[Site "Chess.com"]
[Date "2020.09.08"]
[Round "3"]
[White "dachessmandan"]
[Black "kingnb"]
[Result "0-1"]
[WhiteElo "2398"]
[BlackElo "2607"]
[TimeControl "180+1"]
[EndTime "10:29:14 PDT"]
[Termination "kingnb won by checkmate"]

1. d4 Nf6 2. Bf4 g6 3. e3 Bg7 4.
Nc3 O-O 5. Nf3 d6 6. Be2 Nbd7 7. O-O b6 8. h3 Bb7 9. Bh2 c5 10. d5 a6 11. a4 Ne8 12. e4 Nc7 13. Rb1 h6 14. Re1 Rb8 15. Bc4 Ba8 16. Qe2 Qc8 17.
e5 dxe5 18. Nxe5 Nxe5 19. Bxe5 Bxe5 20. Qxe5 b5 21. axb5 axb5 22. Bd3 b4 23. Ne4 Nxd5 24. Bc4 Nb6 25. Bf1 Bxe4 26. Rxe4 Qc6 27. Rh4 Qf6 28. Qg3 Kg7 29. Bd3 Rbd8 30. Re1 Rd7 31. Rf4 Qd6 32. Qe3 Nd5 33. Rxf7+ Rxf7 34. Qe4 Nf4 35. Bc4 Rf6 36. h4 Qd4 37. Qxd4 cxd4 38. b3 d3 39. cxd3 Nxd3 40.
Rd1 Ne5 41. Re1 Nxc4 42. bxc4 Rc6 43. c5 Rxc5 44. h5 Rxh5 45. g3 Rb7 46. Kg2 Rhb5 47. g4 b3 48. g5 b2 49. gxh6+ Kxh6 50. f4 b1=Q 51. Re2 Rb2 52. Kf3 Qf1+ 53. Rf2 Qxf2+ 54.
Ke4 R7b4+ 55. Ke5 Qd4+ 56. Ke6 Qd6+ 57. Kf7 Rxf4+ 58. Ke8 Rb8# 0-1

[Event "*** SCC Grand Prix: Titled Tuesday Blitz"]
[Site "Chess.com"]
[Date "2020.09.08"]
[Round "3"]
[White "natelleka"]
[Black "krasavetc"]
[Result "0-1"]
[WhiteElo "2114"]
[BlackElo "2344"]
[TimeControl "180+1"]
[EndTime "10:29:14 PDT"]
[Termination "krasavetc won on time"]

1. e4 e6 2. d4 d5 3. Nc3 Nf6 4. e5 Nfd7 5. f4 c5 6. Nf3 Nc6 7. Be3 a6 8. Qd2 b5 9. Ne2 Qb6 10. Ng3 Be7 11. Be2 h5 12. O-O h4 13. Nh1 cxd4 14. Nxd4 Nc5 15. Nf2 Bb7 16. b4 Ne4 17.
Nxe4 dxe4 18. Nxe6 Bxb4 19. Nxg7+ Kf8 20. Qxb4+ Nxb4 21.
Bxb6 Kxg7 22. e6 Nxc2 23. Rac1 Rac8 24. f5 Rc6 25. f6+ Kg6 26. e7 Rxb6 27. Rxc2 Rxf6 28.
Rxf6+ Kxf6 29. Rc7 Bd5 30. a4 bxa4 31. Bxa6 a3 32. Bb5 a2 33. Ra7 Ra8 34. e8=Q Rxa7 35. Qd8+ Re7 0-1